 Dungeon Crawl Stone Soup version 0.28-a0-1159-g27aa881441 (webtiles) character file.

Game seed: 17021639326533548629

213 bearlyready the Cudgeller (level 5, -8/41 HPs)
             Began as a Demonspawn Fighter on Dec 16, 2021.
             Was a Believer of Cheibriados.
             Mangled by an ogre (25 damage)
             ... on level 5 of the Dungeon.
             The game lasted 00:03:33 (3474 turns).

bearlyready the Cudgeller (Demonspawn Fighter)      Turns: 3474, Time: 00:03:33

Health: -8/41      AC:  6    Str: 22    XL:     5   Next: 59%
Magic:  5/5        EV: 11    Int: 14    God:    Cheibriados [**....]
Gold:   195        SH: 10    Dex: 16    Spells: 4/4 levels left

rFire   . . .      SeeInvis .   a - +0 flail
rCold   . . .      Faith    .   c - +0 buckler
rNeg    . . .      Spirit   .   b - +0 scale mail
rPois   .          Reflect  +   (no helmet)
rElec   .          Harm     .   (no cloak)
rCorr   .          Rampage  .   (no gloves)
Will    .....                   (no boots)
Stlth   ..........              o - amulet of reflection
HPRegen 0.13/turn               (no ring)
MPRegen 0.09/turn               (no ring)

@: very slow
A: repulsion field 1, weakness stinger 2
a: Renounce Religion, Bend Time


You were on level 5 of the Dungeon.
You worshipped Cheibriados.
Cheibriados was pleased with you.
You visited 1 branch of the dungeon, and saw 5 of its levels.

You collected 195 gold pieces.

Inventory:

Hand Weapons
 a - a +0 flail (weapon)
 v - a +0 hunting sling
Missiles
 e - 172 stones
 i - 19 poisoned darts (quivered)
 j - 32 sling bullets
 l - 20 bolts
 u - 3 silver boomerangs
 w - 2 boomerangs
Armour
 b - a +0 scale mail (worn)
 c - a +0 buckler (worn)
Jewellery
 o - an amulet of reflection (around neck)
 q - a ring of fire
 t - a ring of resist corrosion
 x - a ring of wizardry
Scrolls
 f - 2 scrolls of fear {unknown}
 h - 4 scrolls of teleportation
 m - a scroll of enchant weapon {unknown}
 n - 2 scrolls of fog {unknown}
 p - a scroll of blinking {unknown}
 y - a scroll of vulnerability {unknown}
Potions
 d - a potion of might
 g - 2 potions of curing {unknown}
 k - 4 potions of mutation {unknown}
 r - a potion of cancellation {unknown}
 s - a potion of flight {unknown}


   Skills:
 - Level 3.0 Fighting
 + Level 5.4 Maces & Flails
 - Level 2.6 Armour
 - Level 2.6 Shields


You had 4 spell levels left.
You didn't know any spells.
Your spell library contained the following spells:

 Spells                   Type           Power      Damage    Failure   Level
 Corpse Rot               Necr/Air       0%         N/A       80%         2
 Dispel Undead            Necr           0%         3d6       100%        4
 Death Channel            Necr           0%         N/A       100%        6


Dungeon Overview and Level Annotations

Branches:
Dungeon (4/15)
 Temple: D:4-7

Altars:
Ashenzari
Cheibriados


Innate Abilities, Weirdness & Mutations

You are surrounded by a mild repulsion field. (EV +2)
You have a tail ending in a sharp stinger.


Message History

No target in view!
No target in view!
No target in view!
No target in view!
HP restored.
k - 4 grey potions (gained 2)
You now have 173 gold pieces (gained 5).
You open the door. You open the door.
There is an open door here.
y - a scroll labelled RAGOERRU UKHLEYRA You open the door.
There is an open door here.
You open the door.
There is an open door here.
Found an escape hatch in the ceiling.
Found a stone staircase leading down.
You now have 185 gold pieces (gained 12).
You now have 195 gold pieces (gained 10).
An ogre comes into view. It is wielding a +0 giant club.
The ogre shouts!
You see here 11 gold pieces.
An ogre is nearby!
Throw: 21 darts (poison)
Press: ? - help, Q - select action, (/) - cycle Shift-Dir - straight line, f - ogre
Aim: an ogre, wielding a +0 giant club (75% to hit)
You throw a poisoned dart. The poisoned dart hits the ogre.
The ogre is poisoned.
Throw: 20 darts (poison)
Press: ? - help, Q - select action, (/) - cycle Shift-Dir - straight line, f/p - ogre
Aim: an ogre, wielding a +0 giant club (lightly wounded, poisoned, 75% to hit)
You throw a poisoned dart. The poisoned dart hits the ogre.
The ogre looks even sicker.
The ogre is lightly wounded.
You barely miss the ogre. You tail-slap the ogre.
The ogre is moderately wounded.
The ogre hits you with a +0 giant club!!
Ouch! That really hurt!
The ogre hits you with a +0 giant club!!
Ouch! That really hurt!
You die...

### ..##.# ..# #.##.# ..#
#....# ..# ####### #.##.#
..# #.....# #..#.########
..####.....####............
..'..'.........#.#.##.<.###
..####.....###.#.#.# ..#
..# #.....# #.#@..# .# ..#
#.....# #.##O.# .. ..#
#.....# #.##..# ## ..#
#.....# #(....(. .##
####### #.###>.(.. .# #.#
####### .# .# .#


You could see an ogre (very poisoned).

Vanquished Creatures
  An orc priest (D:3)
  2 orc wizards (D:3)
  5 adders
  4 worms
  2 dart slugs
  3 orcs (D:3)
  8 ball pythons
  8 bats
  2 endoplasms
  2 giant cockroaches
  4 goblins
  4 hobgoblins
  3 jackals (D:3)
  9 kobolds
  2 quokkas (D:3)
  A frilled lizard (D:3)
  20 rats
80 creatures vanquished.

Vanquished Creatures (others)
  A plant (D:3)
1 creature vanquished.

Grand Total: 81 creatures vanquished

Notes
Turn   | Place    | Note
-------+----------+-------------------------------------------
     0 | D:1      | bearlyready the Demonspawn Fighter began the quest for the
                  | Orb.
     0 | D:1      | Reached XP level 1. HP: 18/18 MP: 1/1
    27 | D:1      | Reached skill level 2 in Maces & Flails
   329 | D:1      | Gained mutation: You have a small tail. [demonic ancestry]
   329 | D:1      | Reached XP level 2. HP: 20/24 MP: 2/2
   449 | D:1      | Found a faded altar of an unknown god.
   795 | D:1      | Reached skill level 3 in Maces & Flails
  1164 | D:2      | Gained mutation: You are surrounded by a mild repulsion
                  | field. (EV +2) [demonic ancestry]
  1164 | D:2      | Reached XP level 3. HP: 20/29 MP: 3/3
  1318 | D:2      | Found a snail-covered altar of Cheibriados.
  1356 | D:2      | Became a worshipper of Cheibriados the Contemplative
  1900 | D:3      | Reached skill level 4 in Maces & Flails
  1900 | D:3      | Gained mutation: You have a tail ending in a sharp stinger.
                  | [demonic ancestry]
  1900 | D:3      | Reached XP level 4. HP: 17/35 MP: 4/4
  2326 | D:3      | Reached * piety under Cheibriados
  2767 | D:3      | Reached ** piety under Cheibriados
  2781 | D:3      | Found a broken altar of Ashenzari.
  2787 | D:3      | Reached XP level 5. HP: 38/41 MP: 5/5
  2996 | D:3      | Reached skill level 5 in Maces & Flails
  3357 | D:4      | You fall into a shaft and drop 1 floor!
  3357 | D:5      | Entered Level 5 of the Dungeon
  3470 | D:5      | Noticed an ogre
  3474 | D:5      | Mangled by an ogre

Illustrated notes

Levels and vault maps discovered:
D:1:      lemuel_arrival_lava_pool, layout_loops_ring,
          dilly_ecumenical_altar_fadedgnrine
D:2:      layout_basic, basic_altar, nicolae_figureground_sparkle
D:3:      layout_loops_ring, lemuel_crystal_altar, serial_forest,
          infiniplex_forest_clump_medium, infiniplex_forest_clump_curved,
          infiniplex_forest_end_1, infiniplex_forest_lined_corner,
          amcnicky_mini_corridor_feature, nrook_loot_triangle, minmay_rat_hole
D:4:      layout_loops_ring
D:5:      layout_basic, uniq_menkaure

Skill      XL: |  1  2  3  4  5 |
---------------+----------------+-----
Maces & Flails | 2 3 4 5 |  5.4
Fighting       | |  3.0
Armour         | |  2.6
Shields        | |  2.6

Action                   |  1- 3 |  4- 6 || total
-------------------------+-------+-------++-------
Melee: Flail             |    91 |   124 ||   215
       Tailslap          |     4 |    20 ||    24
Throw: Dart              |       |     2 ||     2
  Use: Scroll            |       |     1 ||     1
Armor: Scale mail        |    41 |    40 ||    81
Dodge: Dodged            |    43 |    63 ||   106
Block: Buckler           |    25 |    64 ||    89
       Reflection        |       |     1 ||     1

Table legend: (Time is in decaauts)
 A = Elapsed time spent in this place.
 B = Non-inter-level travel time spent in this place.
 C = Inter-level travel time spent in this place.
 D = Time resting spent in this place.
 E = Time spent auto-exploring this place.
 F = Levels seen in this place.
 G = Mean time per level.
                   A        B        C        D        E       F      G
               +--------+--------+--------+--------+--------+-----+--------+
         Total |   3992 |   3823 |    169 |     19 |   3204 |   5 |  798.4 |
       Dungeon |   3992 |   3823 |    169 |     19 |   3204 |   5 |  798.4 |
               +--------+--------+--------+--------+--------+-----+--------+

Top non-repeatable levels by time:
     D:3: 1749 daAuts
     D:1: 1001 daAuts
     D:2: 981 daAuts
     D:5: 147 daAuts
     D:4: 111 daAuts
